 Dungeon Crawl Stone Soup version 0.30-a0-636-g200c5c4a83 (webtiles) character file.

Game seed: 70184131366298372

3263 Citaku the Protected (level 9, -3/80 HPs)
             Began as a Minotaur Fighter on Jan 15, 2023.
             Was an Initiate of Gozag.
             Incinerated by a deep elf pyromancer (7 damage)
             ... with a sticky flame
             ... on level 8 of the Dungeon.
             The game lasted 00:11:28 (6323 turns).

Citaku the Protected (Minotaur Fighter)             Turns: 6323, Time: 00:11:28

Health: -3/80      AC: 20    Str: 24    XL:     9   Next: 68%
Magic:  8/8        EV:  7    Int:  7    God:    Gozag
Gold:   775        SH:  5    Dex: 11    Spells: 8/8 levels left

rFire   . . .      SeeInvis .    b - +7 hand axe "Qor Huat" {freeze, Int+2}
rCold   . . .      Faith    .    c - +0 buckler
rNeg    . . .      Spirit   .    a - +2 plate armour
rPois   +          Reflect  .    (helmet restricted)
rElec   .          Harm     .    (no cloak)
rCorr   .          Rampage  .    (no gloves)
Will    .....                    (no boots) Stlth
                                 (no amulet)
HPRegen 0.33/turn                r - +4 ring of protection
MPRegen 0.11/turn                w - ring of poison resistance

@: on fire, glowing
A: horns 2, retaliatory headbutt
a: Renounce Religion, Potion Petition, Call Merchant, Bribe Branch


You were on level 8 of the Dungeon.
You worshipped Gozag.
Gozag was pleased with you.
You visited 2 branches of the dungeon, and saw 9 of its levels.
You also visited: Bailey.

You collected 1128 gold pieces.
You spent 232 gold pieces at shops.
You paid 121 gold pieces to Gozag.

Inventory:

Hand Weapons
 b - the +7 hand axe "Qor Huat" (weapon) {freeze, Int+2}
   (You bought it in a shop on level 2 of the Dungeon)

   Int:       It affects your intelligence (+2).
 l - a +1 demon whip of pain
 B - a +3 war axe of freezing
Missiles
 q - a throwing net (quivered)
Armour
 a - a +2 plate armour (worn)
 c - a +0 buckler (worn)
Jewellery
 r - a +4 ring of protection (left hand)
 w - a ring of poison resistance (right hand)
Wands
 g - a wand of paralysis (7)
 n - a wand of flame (1)
 p - a wand of roots (7)
Scrolls
 d - 3 scrolls of identify
 i - a scroll of amnesia
 j - a scroll of teleportation
 u - a scroll of brand weapon
 x - a scroll of immolation
Potions
 e - 9 potions of curing
 f - 2 potions of berserk rage
 k - 2 potions of flight
 m - a potion of brilliance
 s - a potion of haste
 z - a potion of mutation
 A - a potion of attraction
Miscellaneous
 o - a phial of floods


   Skills:
 + Level 7.6 Fighting
 * Level 9.8 Axes
 * Level 10.1 Armour
 + Level 7.6 Shields


You had 8 spell levels left.
You didn't know any spells.
Your spell library contained the following spells:

 Spells                   Type           Power      Damage    Failure   Level
 Foxfire                  Conj/Fire      0%         2x1d4     100%        1
 Freeze                   Ice            0%         1d3       100%        1
 Ensorcelled Hibernation  Hex/Ice        0%         N/A       100%        2
 Call Canine Familiar     Summ           0%         N/A       100%        3
 Frozen Ramparts          Ice            0%         1d1       100%        3
 Gell's Gravitas          Tloc           0%         N/A       100%        3
 Hailstorm                Conj/Ice       0%         3d3       100%        3
 Lesser Beckoning         Tloc           0%         N/A       100%        3
 Portal Projectile        Hex/Tloc       0%         N/A       100%        3
 Spider Form              Tmut/Pois      0%         N/A       100%        3
 Teleport Other           Tloc           0%         N/A       100%        3
 Vhi's Electric Charge    Tloc/Air       0%         N/A       100%        3
 Anguish                  Hex/Necr       0%         N/A       100%        4
 Leda's Liquefaction      Hex/Erth       0%         N/A       100%        4
 Arcjolt                  Conj/Air       0%         1d10      100%        5
 Fireball                 Conj/Fire      0%         3d3       100%        5
 Starburst                Conj/Fire      0%         6d3       100%        6
 Malign Gateway           Summ/Tloc      0%         N/A       100%        7
 Maxwell's Capacitive Co  Air            0%         ∞         100%        8
 Summon Horrible Things   Summ           0%         N/A       100%        8


Dungeon Overview and Level Annotations

Branches:
Dungeon (8/15)             Temple (1/1) D:4          Bailey (visited)
   Lair: D:8-11

Altars:
Ashenzari
Cheibriados
Dithmenos
Elyvilon
Fedhas
Gozag
Hepliaklqana
Kikubaaqudgha
Makhleb
Qazlal
Ru
Sif Muna
Trog
Uskayaw
Vehumet
Wu Jian
Xom
Yredelemnul
Zin
The Shining One

Shops:
D:2 (?


Innate Abilities, Weirdness & Mutations

You have a pair of horns on your head.
You reflexively headbutt those who attack you in melee.


Message History

You are too injured to fight recklessly!
You are too injured to fight recklessly!
You are too injured to fight recklessly!
You slash the fire elemental! You freeze the fire elemental.
You destroy the fire elemental!
The fire elemental disappears in a puff of smoke!
You barely miss the fire elemental. You headbutt the fire elemental!
The fire elemental is moderately damaged.
The fire elemental hits you. The fire elemental burns you!
* * * LOW HITPOINT WARNING * * *
You hit the fire elemental. You freeze the fire elemental.
You headbutt the fire elemental.
The fire elemental is moderately damaged.
The fire elemental hits you. The fire elemental burns you!
* * * LOW HITPOINT WARNING * * *
The deep elf pyromancer mumbles some strange words.
The deep elf pyromancer blinks!
You block the fire elemental's attack.
You hit the fire elemental. You freeze the fire elemental.
The fire elemental is severely damaged.
You slash the deep elf pyromancer! You freeze the deep elf pyromancer.
The fire elemental hits you. The fire elemental burns you!
* * * LOW HITPOINT WARNING * * *
The deep elf pyromancer casts a spell at you.
The sticky flame hits you.
You are covered in liquid flames!
* * * LOW HITPOINT WARNING * * *
You feel much better.
You are covered in liquid flames!
* * * LOW HITPOINT WARNING * * *
You block the fire elemental's attack.
The deep elf pyromancer hits you with a +0 long sword!
* * * LOW HITPOINT WARNING * * *
Okay, then.
As you read the scroll of fear, it crumbles to dust.
You assume a fearsome visage.
The deep elf pyromancer looks frightened!
The fire elemental is unaffected. x2
You are covered in liquid flames!
You die...
Your body crumbles into a pile of gold.

*,*,,,*,*****##..* #.....###
**,,∩,,*,,,,,,...* #..#..#
**,*,,,*,*******#.#####..#..#
*,,,*,*,,* #........#..#
*,,,,*,,.#########..........#
*,**,,,,..$.☼.°.......(..####
*,,,,,,,...###E.........##
****,,,,*,,* #E#####.####
*,****,,* #@..###.#*****
*,,,,,,,* #.e......,,,,*****
******,** #...###.##**,,,,,,
*,* #..## #.# *,***,,
****,***#..# #.# *,* **,
*,,,,,$,...#* *.#***,* *,
*,**,***....* *,,,,,,* *,
*,**,* #...## *****,,* **
*,**,* #...#*******,,*


You could see a deep elf pyromancer (fleeing) and 2 fire elementals.

Vanquished Creatures
  Pikel (D:6)
  Prince Ribbit (D:5)
  Grinder (D:5)
  A water moccasin (D:7)
  2 orc warriors
  2 ice beasts
  A centaur (D:7)
  An ogre (D:6)
  7 kobold brigands
  Blork the orc (D:6)
  The ghost of Schattenoger the Twirler, an amateur GrGl (D:3)
  3 scorpions
  A necrophage (D:5)
  3 killer bees (D:7)
  An electric eel (D:6)
  3 howler monkeys (D:7)
  A crimson imp (D:6)
  5 hounds
  A gnoll bouda (D:4)
  2 jellies (D:7)
  2 orc priests (D:8)
  An iguana (D:5)
  An orc wizard (D:3)
  10 gnolls
  5 adders
  A shadow imp (D:8)
  3 white imps
  An ufetubus (D:6)
  4 dart slugs
  13 orcs
  3 bats
  3 endoplasms
  3 giant cockroaches
  5 goblins
  8 hobgoblins
  5 jackals
  2 quokkas (D:4)
  6 ball pythons
  2 frilled lizards
  15 kobolds
  8 rats
140 creatures vanquished.

Vanquished Creatures (others)
  7 fungi (D:2)
  4 toadstools (D:2)
11 creatures vanquished.

Grand Total: 151 creatures vanquished

Notes
Turn   | Place    | Note
-------+----------+-------------------------------------------
     0 | D:1      | Citaku the Minotaur Fighter began the quest for the Orb.
     0 | D:1      | Reached XP level 1. HP: 19/19 MP: 0/0
   198 | D:1      | Reached XP level 2. HP: 26/27 MP: 1/1
   279 | D:1      | Reached skill level 4 in Armour
   591 | D:2      | Reached XP level 3. HP: 33/33 MP: 2/2
   781 | D:2      | Found Simiath's Antique Weapon Shop.
   852 | D:2      | Found Nocaonog's Magic Scroll Shop.
  1308 | D:3      | Reached XP level 4. HP: 34/40 MP: 3/3
  1524 | D:3      | Found a runed translucent door.
  1525 | D:3      | Noticed Schattenoger's ghost (amateur GrGl)
  1603 | D:3      | Killed Schattenoger's ghost
  1604 | D:3      | Reached skill level 5 in Armour
  1604 | D:3      | Reached XP level 5. HP: 37/47 MP: 4/4
  2112 | D:2      | Bought an ancient hand axe for 232 gold pieces
  2112 | D:2      | Identified the +7 hand axe "Qor Huat" {freeze, Int+2} (You
                  | bought it in a shop on level 2 of the Dungeon)
  2340 | D:4      | Found a staircase to the Ecumenical Temple.
  2427 | D:4      | Reached XP level 6. HP: 53/53 MP: 5/5
  2652 | D:4      | You fall into a shaft and drop 1 floor!
  2652 | D:5      | Entered Level 5 of the Dungeon
  2672 | D:5      | Reached skill level 5 in Axes
  2706 | D:5      | Noticed an ice beast
  2715 | D:5      | Killed an ice beast
  2716 | D:5      | Reached skill level 5 in Fighting
  2716 | D:5      | Reached skill level 6 in Armour
  2716 | D:5      | Reached skill level 5 in Shields
  2716 | D:5      | Reached XP level 7. HP: 58/61 MP: 6/6
  3300 | Temple   | Entered the Ecumenical Temple
  3402 | Temple   | Became a worshipper of Gozag Ym Sagoz the Greedy
  3567 | D:5      | Noticed Prince Ribbit
  3572 | D:5      | Killed Prince Ribbit
  3573 | D:5      | Reached skill level 7 in Armour
  3612 | D:5      | Noticed Grinder
  3620 | D:5      | Killed Grinder
  3621 | D:5      | Reached XP level 8. HP: 42/70 MP: 7/7
  4125 | D:5      | Found a broken altar of Ashenzari.
  4438 | D:6      | Noticed Pikel
  4449 | D:6      | Killed Pikel
  4450 | D:6      | Reached skill level 8 in Armour
  4591 | D:6      | Found an ornate altar of the Wu Jian Council.
  4591 | D:6      | Found a shadowy altar of Dithmenos.
  4630 | D:6      | Found a shimmering blue altar of Sif Muna.
  4885 | D:6      | Noticed Blork the orc
  4894 | D:6      | Killed Blork the orc
  4953 | D:6      | Found a radiant altar of Vehumet.
  4953 | D:6      | Found a burning altar of Makhleb.
  4958 | D:6      | Reached XP level 9. HP: 78/78 MP: 8/8
  5121 | D:7      | Reached skill level 9 in Armour
  5596 | D:7      | Found a flagged portal.
  5612 | Bailey   | Entered a bailey
  5766 | Bailey   | Found a burning altar of Makhleb.
  6009 | D:7      | Reached skill level 10 in Armour
  6299 | D:8      | Noticed a deep elf pyromancer
  6321 | D:8      | HP: 4/80 [fire elemental[a deep elf pyromancer] (9)]
  6323 | D:8      | Incinerated by a deep elf pyromancer

Illustrated notes

Levels and vault maps discovered:
D:1:      mrwooster_arrival_statue, layout_rooms,
          chequers_serial_rivers_small_b, corner_web_ring,
          minmay_misc_feat_plants, grunt_decor_fettered, grunt_decor_junction
D:2:      layout_rooms, serial_shops, nicolae_shop_stone,
          nicolae_shop_hallway_stairs, minmay_gold_behind_fungi,
          minmay_misc_feat_alley
D:3:      layout_basic, gammafunk_ghost_grave
D:4:      minmay_razor_zed, layout_gridville, minmay_temple_entry_hall,
          serial_rivers, chequers_serial_rivers_room_a,
          chequers_serial_rivers_micro_a, chequers_serial_rivers_micro_c,
          chequers_serial_rivers_micro_c
D:5:      layout_basic, lemuel_round_altar, uniq_prince_ribbit1, uniq_grinder
D:6:      layout_basic, grunt_temple_overflow_lords_of_destruction,
          nicolae_overflow_two_pavilions, mainiacjoe_overflow_paths,
          minmay_holes, uniq_blork_the_orc, uniq_pikel
D:7:      layout_basic, enter_bailey_4
D:8:      layout_loops_ring, mainiacjoe_overflow_surrounded_room, serial_shops,
          nicolae_diamond_shop
Temple:   eino_temple_water

Skill      XL: |  1  2  3  4  5  6  7  8  9 |
---------------+----------------------------+-----
Armour         | 4 5 6 7 8 10 | 10.1
Axes           | 3 4 5 6 8 9 |  9.8
Fighting       | 4 5 6 7 |  7.6
Shields        | 4 5 6 7 |  7.6

Action                   |  1- 3 |  4- 6 |  7- 9 || total
-------------------------+-------+-------+-------++-------
Melee: War axe           |    71 |    39 |       ||   110
       Headbutt          |     9 |    12 |    28 ||    49
       Hand axe          |       |    36 |   182 ||   218
  Use: Potion            |       |     2 |     7 ||     9
       Scroll            |       |       |    17 ||    17
 Stab: Distracted        |       |       |     1 ||     1
Armor: Scale mail        |    31 |    23 |       ||    54
       Plate armour      |       |    19 |    92 ||   111
Dodge: Dodged            |    30 |    26 |    46 ||   102
Block: Buckler           |    18 |    14 |    35 ||    67

Table legend: (Time is in decaauts)
 A = Elapsed time spent in this place.
 B = Non-inter-level travel time spent in this place.
 C = Inter-level travel time spent in this place.
 D = Time resting spent in this place.
 E = Time spent auto-exploring this place.
 F = Levels seen in this place.
 G = Mean time per level.
                   A        B        C        D        E       F      G
               +--------+--------+--------+--------+--------+-----+--------+
         Total |   6354 |   6119 |    235 |     87 |   4854 |  10 |  635.4 |
       Dungeon |   5876 |   5641 |    235 |     87 |   4530 |   8 |  734.5 |
        Temple |    211 |    211 |      0 |      0 |    170 |   1 |  211.0 |
        Bailey |    265 |    265 |      0 |      0 |    153 |   1 |  265.0 |
               +--------+--------+--------+--------+--------+-----+--------+

Top non-repeatable levels by time:
     D:4: 1031 daAuts
     D:3: 918 daAuts
     D:5: 866 daAuts
     D:6: 833 daAuts
     D:7: 833 daAuts
     D:2: 803 daAuts
     D:1: 495 daAuts
  Bailey: 265 daAuts
  Temple: 211 daAuts
     D:8: 93 daAuts
